 Dungeon Crawl Stone Soup version 0.28-a0-1235-g7c8fac35f0 (webtiles) character file.

Game seed: 4607496927821828158

30 Zonian the Insei (level 3, -2/26 HPs)
             Began as a Merfolk Transmuter on Dec 24, 2021.
             Was a Follower of Yredelemnul.
             Slain by Terence (8 damage)
             ... on level 2 of the Dungeon.
             The game lasted 00:02:52 (1666 turns).

Zonian the Insei (Merfolk Transmuter)               Turns: 1666, Time: 00:02:52

Health: -2/26      AC:  2    Str: 12    XL:     3   Next: 18%
Magic:  5/6        EV: 13    Int: 12    God:    Yredelemnul [*.....]
Gold:   41         SH:  0    Dex: 14    Spells: 5/6 levels left

rFire   . . .      SeeInvis .   e - +0 spear
rCold   . . .      Faith    .   (no shield)
rNeg    . . .      Spirit   .   a - +0 robe
rPois   .          Reflect  .   (helmet currently unavailable)
rElec   .          Harm     .   b - scarf {shadows}
rCorr   .          Rampage  .   (no gloves)
Will    .....                   (boots currently unavailable)
Stlth   +.........              (no amulet)
HPRegen 0.08/turn               (no ring)
MPRegen 0.10/turn               (no ring)

@: appendages
A: horns 2, (nimble swimmer 2), mertail
a: End Transformation, Renounce Religion, Recall Undead Harvest


You were on level 2 of the Dungeon.
You worshipped Yredelemnul.
Yredelemnul was noncommittal.
You had temporarily grown beastly horns.
You visited 1 branch of the dungeon, and saw 2 of its levels.

You collected 41 gold pieces.

Inventory:

Hand Weapons
 e - a +0 spear (weapon)
Armour
 a - a +0 robe (worn)
 b - a scarf of shadows (worn)
Scrolls
 d - 2 scrolls of magic mapping
 f - a scroll of teleportation {unknown}
 g - a scroll of enchant weapon {unknown}
Potions
 c - a potion of curing


   Skills:
 + Level 1.5 Fighting
 + Level 1.0 Polearms
 + Level 3.2 Dodging
 + Level 3.6 Unarmed Combat
 + Level 2.2 Spellcasting
 + Level 3.1 Transmutations


You had 5 spell levels left.
You knew the following spells:

 Your Spells              Type           Power      Damage    Failure   Level
a - Beastly Appendage     Tmut           16%        N/A       8%          1

Your spell library contained the following spells:

 Spells                   Type           Power      Damage    Failure   Level
 Wereblood                Tmut           8%         N/A       11%         2
 Passwall                 Tmut/Erth      4%         N/A       22%         2
 Spider Form              Tmut/Pois      5%         N/A       38%         3
 Swiftness                Air            1%         N/A       63%         3
 Ice Form                 Ice/Tmut       5%         N/A       80%         4


Dungeon Overview and Level Annotations

Branches:
Dungeon (2/15)

Altars:
Yredelemnul

Annotations:
D:2 Terence


Innate Abilities, Weirdness & Mutations

You have temporarily grown beastly horns.
((You are very nimble when in or above water. (Stealth+, EV+, Speed+++)))
Your lower body shifts to a powerful aquatic tail in water.


Message History

Terence misses you.
You closely miss Terence.
Terence is moderately wounded.
Terence barely misses you.
Your worm zombie bites Terence but does no damage.
Unknown command.
You hit Terence. You headbutt Terence, but do no damage.
Terence is moderately wounded.
Terence hits you with a +0 mace.
Unknown command.
You hit Terence but do no damage.
Terence is moderately wounded.
Terence closely misses you.
Unknown command.
You hit Terence but do no damage.
Terence is moderately wounded.
Your horns disappear.
Terence barely misses you.
Your worm zombie barely misses Terence.
Unknown command.
You are too injured to fight recklessly!
Casting: Beastly Appendage (safe; 8% risk of failure)
Confirm with . or Enter, or press ? or * to list all spells.
You grow a pair of large bovine horns.
Terence barely misses you.
Unknown command.
You hit Terence.
Terence is heavily wounded.
Terence hits you with a +0 mace.
* * * LOW HITPOINT WARNING * * *
Your worm zombie misses Terence.
Unknown command.
You hit Terence but do no damage.
Terence is heavily wounded.
Terence says, "Rest in peace."
Terence misses you.
Unknown command.
As you read the scroll labelled LEISISHUXIOMI, it crumbles to dust.
You feel aware of your surroundings.
It was a scroll of magic mapping.
Terence hits you with a +0 mace!
You die...
Your body rises from the dead as a mindless zombie.

******### *,,,,,..#
******** *,****#.# ,,,,,,,*
*,* #.# ******,***,*
##@##########
******,,,>.####.@ZZ.....Z.#
,,,,,,,,,,.......########.#
**********######.# #.# #.#
#.# #.# #Z# ####
#.########.# (..#
#..........# ...###
##########.#


You could see Terence (ally target) and 2 friendly worm zombies.

Vanquished Creatures
  2 worms (D:2)
  A bat (D:1)
  2 endoplasms (D:1)
  A giant cockroach (D:1)
  3 goblins (D:1)
  3 hobgoblins
  3 quokkas (D:1)
  3 ball pythons (D:1)
  2 kobolds
20 creatures vanquished.

Vanquished Creatures (collateral kills)
  A hobgoblin (D:1)
1 creature vanquished.

Vanquished Creatures (others)
  A hobgoblin zombie (D:2)
  4 plants (D:1)
5 creatures vanquished.

Grand Total: 26 creatures vanquished

Notes
Turn   | Place    | Note
-------+----------+-------------------------------------------
     0 | D:1      | Zonian the Merfolk Transmuter began the quest for the Orb.
     0 | D:1      | Reached XP level 1. HP: 15/15 MP: 3/3
   578 | D:1      | Reached XP level 2. HP: 21/21 MP: 3/5
  1182 | D:1      | Found a faded altar of an unknown god.
  1197 | D:1      | Prayed at the altar of an unknown god.
  1197 | D:1      | Became a worshipper of Yredelemnul the Dark
  1225 | D:1      | Reached * piety under Yredelemnul
  1421 | D:2      | Reached XP level 3. HP: 16/26 MP: 4/6
  1618 | D:2      | Noticed Terence
  1631 | D:2      | Reached skill level 1 in Polearms
  1666 | D:2      | Slain by Terence

Illustrated notes

Levels and vault maps discovered:
D:1:      erik_arrival_triangle_medium, layout_loops_ring,
          dilly_ecumenical_altar_fadedgnrine
D:2:      layout_loops_ring, wad_floor_pattern_untrapped, uniq_terence

Skill      XL: |  1  2  3 |
---------------+----------+-----
Transmutations | 3 |  3.1
Dodging        | 3 |  3.2
Polearms       | 1 |  1.0
Fighting       | |  1.5
Unarmed Combat | |  3.6
Spellcasting   | |  2.2

Action                   || total
-------------------------++-------
Melee: Unarmed           ||    22
       Headbutt          ||    13
       Spear             ||    73
       Punch             ||     1
 Cast: Beastly Appendage ||    22
  Use: Scroll            ||     1
       Potion            ||     1
 Stab: Sleeping          ||     1
Armor: Robe              ||    10
Dodge: Dodged            ||    46

Table legend: (Time is in decaauts)
 A = Elapsed time spent in this place.
 B = Non-inter-level travel time spent in this place.
 C = Inter-level travel time spent in this place.
 D = Time resting spent in this place.
 E = Time spent auto-exploring this place.
 F = Levels seen in this place.
 G = Mean time per level.
                   A        B        C        D        E       F      G
               +--------+--------+--------+--------+--------+-----+--------+
         Total |   1694 |   1645 |     49 |    248 |   1153 |   2 |  847.0 |
       Dungeon |   1694 |   1645 |     49 |    248 |   1153 |   2 |  847.0 |
               +--------+--------+--------+--------+--------+-----+--------+

Top non-repeatable levels by time:
     D:1: 1361 daAuts
     D:2: 333 daAuts
